 Dungeon Crawl Stone Soup version 0.17.0-27-g4a3f43e (webtiles) character file.

156 septik the Covered (level 5, -2/33 HPs)
             Began as a Gargoyle Fighter on Nov 21, 2015.
             Splashed by a jelly's acid (7 damage)
             ... on level 3 of the Dungeon.
             The game lasted 00:04:40 (2533 turns).

septik the Covered (Gargoyle Fighter)               Turns: 2533, Time: 00:04:41

Health: -2/33      AC:  9    Str: 20    XL:     5   Next: 38%
Magic:  5/5        EV:  5    Int:  8    God:
Gold:   111        SH:  9    Dex: 10    Spells: 0 memorised, 4 levels left

rFire  . . .     SeeInvis .     a - +0 flail
rCold  . . .     Clarity  .     q - +0 chain mail
rNeg   + . .     SustAt   .     c - +0 shield
rPois  ∞         Gourm    .     (no helmet)
rElec  +         Spirit   .     (no cloak)
rCorr  .         Warding  .     (no gloves)
rMut   .         Stasis   .     (no boots)
MR     .....                    (no amulet)
Stlth  ..........               (no ring)
                                (no ring)

@: corroded equipment, not resistant to hostile enchantments, extremely
unstealthy
A: negative energy resistance 1, electricity resistance, unbreathing,
petrification resistance, rot immunity, AC +4
a: no special abilities


You were on level 3 of the Dungeon.
You were hungry.

You visited 1 branch of the dungeon, and saw 3 of its levels.

You collected 111 gold pieces.

Inventory:

Hand Weapons
 a - a +0 flail (weapon)
 b - a +1 hunting sling of freezing
Missiles
 f - 67 stones (quivered)
 h - 21 poisoned needles
 w - 20 sling bullets
Armour
 c - a +0 shield (worn)
 q - a +0 chain mail (worn)
 v - a +0 scale mail
Scrolls
 g - 2 scrolls of identify {unknown}
 i - 2 scrolls of enchant armour {unknown}
 l - 3 scrolls of remove curse {unknown}
 u - 2 scrolls of teleportation {unknown}
Potions
 d - a potion of might
 j - a potion of flight {unknown}
 n - a potion of heal wounds {unknown}
 o - 2 potions of curing {unknown}
 p - a potion of agility {unknown}
 t - 2 potions of ambrosia {unknown}
Books
 s - a book of Envenomations

   Spells                             Type                      Level
   a - Spider Form                    Transmutation/Poison         3
   b - Alistair's Intoxication        Transmutation/Poison         4
   c - Olgreb's Toxic Radiance        Poison                       4
   d - Poisonous Cloud                Conjuration/Poison/Air       6
Comestibles
 e - 2 bread rations
 k - 3 meat rations
 r - a beef jerky


   Skills:
 + Level 3.8 Fighting
 * Level 3.7 Maces & Flails
 + Level 4.2 Armour
 + Level 1.6 Dodging
 - Level 3.2 Shields


You had 4 spell levels left.
You didn't know any spells.

Dungeon Overview and Level Annotations

Branches:
Dungeon (3/15)

Altars:
Fedhas
Makhleb
Nemelex Xobeh
Ru
Zin
The Shining One


Innate Abilities, Weirdness & Mutations

You are resistant to torment.
Your stone body is resilient (AC +4).
You are immune to poison.
You resist negative energy.
You are resistant to electric shocks.
You can survive without breathing.
You are immune to petrification.
You are immune to rotting.


Message History

You hit the jelly. The acid corrodes you!
Your hands burn!
* * * LOW HITPOINT WARNING * * *
The jelly is moderately wounded.
The jelly closely misses you.
You are feeling hungry.
The jelly jiggles.
The jelly barely misses you.
Items here: )) [[ a falchion; a ring mail; a dagger; a robe
Things that are here:
a flail; a hand axe You are no longer corroded.
You see here a leather armour.
A jelly is nearby!
You hit the jelly but do no damage. The acid corrodes you!
Your hands burn!
* * * LOW HITPOINT WARNING * * *
The jelly hits you.
* * * LOW HITPOINT WARNING * * *
You are splashed with acid!
The acid burns!
You die...

# #.# #.# #.# #.#
######### #.# #.#
#.......# #[#
#[###.#####.# #.#
#.....# #.# #.#
####### #.# #.#
#.#
#.##############.#
#...........@J...#
##################


You could see a jelly.

Vanquished Creatures
  An orc wizard (D:3)
  An orc priest (D:3)
  2 adders
  A shadow imp (D:3)
  2 worms (D:3)
  2 giant geckos
  2 orcs (D:3)
  10 bats
  5 giant cockroaches
  5 hobgoblins
  2 quokkas (D:2)
  4 giant newts
  12 goblins
  5 kobolds
  8 rats
62 creatures vanquished.

Notes
Turn   | Place    | Note
--------------------------------------------------------------
     0 | D:1      | septik the Gargoyle Fighter began the quest for the Orb.
     0 | D:1      | Reached XP level 1. HP: 14/14 MP: 1/1
   143 | D:1      | Reached XP level 2. HP: 19/19 MP: 2/2
   478 | D:1      | Reached XP level 3. HP: 23/23 MP: 3/3
   822 | D:2      | Reached skill level 1 in Dodging
  1356 | D:2      | Found a glowing silver altar of Zin.
  1358 | D:2      | Found a sparkling altar of Nemelex Xobeh.
  1369 | D:2      | Found a glowing golden altar of the Shining One.
  1382 | D:2      | Reached XP level 4. HP: 28/28 MP: 4/4
  1386 | D:2      | Found a blossoming altar of Fedhas.
  1386 | D:2      | Found a sacrificial altar of Ru.
  1576 | D:2      | Found a burning altar of Makhleb.
  1705 | D:3      | Reached skill level 4 in Armour
  2243 | D:3      | Reached XP level 5. HP: 28/33 MP: 5/5
  2468 | D:3      | HP: 1/33 [acid (5)]
  2533 | D:3      | Splashed by a jelly's acid

Action                   |  1- 3 |  4- 6 || total
-------------------------+-------+-------++-------
Melee: Flail             |   168 |    73 ||   241
  Eat: Chunk             |     2 |     3 ||     5
